 Dungeon Crawl Stone Soup version 0.32-a0-43-g058985b245 (webtiles) character file.

Game seed: 12196241583314639643

119 CraigForest the Covered (level 4, 0/40 HPs)
             Began as a Minotaur Fighter on Feb 3, 2024.
             Slain by a gnoll
             ... wielding a +0 spear
              (3 damage)
             ... on level 3 of the Dungeon.
             The game lasted 00:03:57 (1568 turns).

CraigForest the Covered (Minotaur Fighter)          Turns: 1568, Time: 00:03:58

Health: 0/40       AC:  7    Str: 22    XL:     4   Next: 73%
Magic:  3/3        EV:  9    Int:  5    God:
Gold:   121        SH:  4    Dex: 10    Spells: 3/3 levels left

rFire   . . .        a - +0 war axe
rCold   . . .        c - +0 buckler
rNeg    . . .        b - +0 scale mail
rPois   .            (helmet restricted)
rElec   .            (no cloak)
rCorr   +            (no gloves)
SInv    .            (no boots)
Will    .....        (no amulet) Stlth
                     f - ring of resist corrosion
HPRegen 0.26/turn    (no ring)
MPRegen 0.08/turn

%: no passive effects
@: no status effects
A: horns 2, retaliatory headbutt
a: no special abilities


You were on level 3 of the Dungeon.
You visited 1 branch of the dungeon, and saw 3 of its levels.

You collected 121 gold pieces.

Inventory:

Hand Weapons
 a - a +0 war axe (weapon)
Missiles
 k - 6 poisoned darts (quivered)
Armour
 b - a +0 scale mail (worn)
 c - a +0 buckler (worn)
Jewellery
 f - a ring of resist corrosion (left hand)
Scrolls
 e - a scroll of immolation {unknown}
 j - 2 scrolls of fog
 m - 2 scrolls of identify {unknown}
 n - a scroll of fear {unknown}
 o - a scroll of amnesia
 p - a scroll of revelation {unknown}
 s - a scroll of noise {unknown}
Potions
 d - a potion of might
 g - a potion of mutation {unknown}
 h - a potion of heal wounds {unknown}
 l - a potion of lignification {unknown}
 q - a potion of degeneration {unknown}
 r - a potion of curing {unknown}


   Skills:
 + Level 4.1 Fighting
 + Level 3.5 Axes
 + Level 4.8 Armour
 + Level 0.8 Dodging
 + Level 4.5 Shields


You had 3 spell levels left.
You didn't know any spells.
Your spell library contained the following spells:

 Spells                   Type           Power      Damage    Failure   Level
 Summon Forest            Summ/Tloc      0%         N/A       100%        5
 Summon Mana Viper        Hex/Summ       0%         N/A       100%        5
 Summon Cactus Giant      Summ           0%         N/A       100%        6


Dungeon Overview and Level Annotations

Branches:
Dungeon (3/15)

Altars:


Innate Abilities, Weirdness & Mutations

You have a pair of horns on your head.
You reflexively headbutt those who attack you in melee.


Message History

The gnoll hits you from afar with a +0 spear.
The gnoll hits you with a +0 whip. The gnoll hits you with a +0 club.
The gnoll hits you with a +0 whip.
* * * LOW HITPOINT WARNING * * *
You block the gnoll's attack.
As you read the scroll of teleportation, it crumbles to dust.
You feel strangely unstable. The gnoll hits you but does no damage.
The gnoll hits you from afar with a +0 spear.
* * * LOW HITPOINT WARNING * * *
You block the gnoll's attack. The gnoll closely misses you.
You furiously retaliate!
You headbutt the gnoll! The gnoll attacks as it pursues you!
The gnoll hits you from afar with a +0 spear.
* * * LOW HITPOINT WARNING * * *
Your surroundings seem slightly different.
You see here a rat corpse.
The gnoll attacks as it pursues you! The gnoll completely misses you.
You see here a +0 ring mail.
The gnoll attacks as it pursues you! The gnoll barely misses you.
The gnoll attacks as it pursues you! You block the gnoll's attack.
You closely miss the gnoll.
The gnoll is heavily wounded.
The gnoll hits you with a +0 club.
* * * LOW HITPOINT WARNING * * *
You slash the gnoll!
You kill the gnoll!
The gnoll misses you.
You hit the gnoll.
You kill the gnoll!
The gnoll barely misses you. x2
The gnoll attacks as it pursues you!
The gnoll hits you from afar with a +0 spear.
* * * LOW HITPOINT WARNING * * *
The gnoll attacks as it pursues you!
The gnoll hits you from afar with a +0 spear.
* * * LOW HITPOINT WARNING * * *
The gnoll attacks as it pursues you! The gnoll hits you but does no damage.
There is a stone staircase leading up here.
The gnoll hits you from afar with a +0 spear.
You die...

#)#...#.# #.###...#
... #...# ###
###.###### #......#
###..###.# #..).# #.#
# ###....###.#####.#
#......)..#.g.@..#
#.####.###g####.......
... #.###.# .####..
### #.#..># .# #.#g###
.# #.#.# .# #.#)# .#
#.#g# .# ###.#.#


You could see 2 gnolls.

Vanquished Creatures
  5 gnolls
  2 adders (D:3)
  A ribbon worm (D:3)
  2 dart slugs
  5 orcs (D:3)
  4 bats
  An endoplasm (D:2)
  4 giant cockroaches
  5 goblins
  A hobgoblin (D:3)
  3 kobolds
  A quokka (D:3)
  2 ball pythons
  3 frilled lizards
  6 rats
45 creatures vanquished.

Notes
Turn   | Place    | Note
-------+----------+-------------------------------------------
     0 | D:1      | CraigForest the Minotaur Fighter began the quest for the
                  | Orb.
     0 | D:1      | Reached XP level 1. HP: 19/19 MP: 0/0
   665 | D:2      | Reached XP level 2. HP: 27/27 MP: 1/1
   815 | D:2      | Reached XP level 3. HP: 9/33 MP: 2/2
  1381 | D:3      | Reached XP level 4. HP: 40/40 MP: 3/3
  1563 | D:3      | HP: 1/40 [gnoll/+0 spear (4)]
  1568 | D:3      | Slain by a gnoll

Illustrated notes

Levels and vault maps discovered:
D:1:      ebering_trefoil_twist, layout_loops_ring
D:2:      layout_basic
D:3:      layout_loops_ring, minmay_quantized, uniq_ijyb

Skill      XL: |  1  2  3  4 |
---------------+-------------+-----
Armour         | 4 |  4.8
Shields        | 4 |  4.5
Fighting       | 4 |  4.1
Axes           | 3 |  3.5
Dodging        | |  0.8

Action                     |  1- 3 |  4- 6 || total
---------------------------+-------+-------++-------
  Melee: War axe           |    63 |    40 ||   103
         Headbutt          |    15 |     2 ||    17
    Use: Scroll            |     3 |     1 ||     4
 Armour: Scale mail        |    51 |    52 ||   103
  Dodge: Dodged            |    38 |    19 ||    57
  Block: Buckler           |    18 |    15 ||    33

Table legend: (Time is in decaauts)
 A = Elapsed time spent in this place.
 B = Non-inter-level travel time spent in this place.
 C = Inter-level travel time spent in this place.
 D = Time resting spent in this place.
 E = Time spent auto-exploring this place.
 F = Levels seen in this place.
 G = Mean time per level.
                   A        B        C        D        E       F      G
               +--------+--------+--------+--------+--------+-----+--------+
         Total |   1608 |   1571 |     37 |    100 |   1168 |   3 |  536.0 |
       Dungeon |   1608 |   1571 |     37 |    100 |   1168 |   3 |  536.0 |
               +--------+--------+--------+--------+--------+-----+--------+

Top non-repeatable levels by time:
     D:2: 687 daAuts
     D:1: 610 daAuts
     D:3: 310 daAuts
